[ AOE2 MATCH · #505208435 ]
UnrankedPortuguese vs Lithuanians
Player's team · WIN
[ REPLAY ANALYSIS · EXTRACTED FROM THE RECORDED GAME ]
Feudal
8:51
Castle
18:57
Imperial
—
| APM avg | 48.1 |
| APM peak | 83 |
| eAPM avg | 18.2 |
| Villagers / military | 59 / 34 |
Focus
⚔️ 36.4% · 🌾 63.6%
Cavalry Archer ×19 · Spearman ×5 · Knight ×3 · Militia ×3 · Monk ×2 · Scout Cavalry ×2
Feudal
11:20
Castle
22:13
Imperial
—
| APM avg | 43.9 |
| APM peak | 92 |
| eAPM avg | 24.2 |
| Villagers / military | 51 / 25 |
Focus
⚔️ 32.4% · 🌾 67.6%
Knight ×11 · Scout Cavalry ×10 · Militia ×3 · Spearman ×1
Match map
Initial resources + every placement click. Lines = walls · curves = elevation contours. ◆ gold · ⬟ stone · ● berries · ✦ relic · ◌ wall gap
Your base· ✓ Closed at 18:57 · 59t walls · 1 gate(s)
[DGLOS] DyouDi's base· ✓ Closed at 22:13 · 84t walls · 1 gate(s)
Smoothed initial terrain · ◌ = detected wall gap · hover for details
Inputs per minute
— Don Vito - - [DGLOS] DyouDi
Build order — Don Vito
First 150 of 172 actions detected
| 0:01 | Create | Villager (Male) |
| 0:01 | Create | Villager (Male) |
| 0:01 | Create | Villager (Male) |
| 0:02 | Build | House |
| 0:04 | Build | House |
| 0:28 | Create | Villager (Male) |
| 0:28 | Create | Villager (Male) |
| 1:28 | Create | Villager (Male) |
| 1:28 | Create | Villager (Male) |
| 1:49 | Build | Lumber Camp |
| 1:59 | Create | Villager (Male) |
| 1:59 | Create | Villager (Male) |
| 2:20 | Create | Villager (Male) |
| 2:20 | Create | Villager (Male) |
| 2:49 | Create | Villager (Male) |
| 2:49 | Create | Villager (Male) |
| 3:07 | Create | Villager (Male) |
| 3:08 | Create | Villager (Male) |
| 3:36 | Create | Villager (Male) |
| 3:52 | Build | House |
| 3:59 | Create | Villager (Male) |
| 4:24 | Build | Mill |
| 4:32 | Create | Villager (Male) |
| 4:35 | Create | Villager (Male) |
| 5:19 | Create | Villager (Male) |
| 5:40 | Create | Villager (Male) |
| 6:08 | Research | Loom |
| 6:31 | Build | Barracks |
| 6:41 | Research | Feudal Age |
| 7:37 | Create | Militia |
| 7:38 | Create | Militia |
| 7:39 | Build | House |
| 7:54 | Create | Militia |
| 8:09 | Build | House |
| 8:23 | Build | Palisade Wall |
| 8:45 | Create | Villager (Male) |
| 8:51 | Age | Feudal Age |
| 8:59 | Research | Double-Bit Axe |
| 9:07 | Build | Stable |
| 9:19 | Build | Palisade Wall |
| 9:21 | Build | Palisade Wall |
| 9:22 | Build | Palisade Wall |
| 9:24 | Build | Palisade Wall |
| 9:24 | Create | Villager (Male) |
| 9:37 | Create | Villager (Male) |
| 9:40 | Build | Farm |
| 9:42 | Research | Horse Collar |
| 9:43 | Create | Villager (Male) |
| 10:08 | Build | Farm |
| 10:10 | Build | Farm |
| 10:10 | Create | Villager (Male) |
| 10:15 | Build | House |
| 10:19 | Build | House |
| 10:29 | Build | Mill |
| 10:41 | Create | Villager (Male) |
| 10:41 | Create | Villager (Male) |
| 11:07 | Build | Farm |
| 11:10 | Create | Villager (Male) |
| 11:34 | Build | Farm |
| 11:34 | Create | Villager (Male) |
| 11:41 | Create | Scout Cavalry |
| 11:51 | Create | Villager (Male) |
| 11:54 | Build | Farm |
| 12:00 | Build | Palisade Wall |
| 12:07 | Build | Farm |
| 12:09 | Create | Villager (Male) |
| 12:16 | Build | Palisade Wall |
| 12:27 | Build | House |
| 12:28 | Build | Palisade Wall |
| 12:31 | Build | Farm |
| 12:33 | Create | Villager (Male) |
| 12:45 | Create | Villager (Male) |
| 12:52 | Build | Farm |
| 12:54 | Build | Farm |
| 13:12 | Build | Palisade Wall |
| 13:19 | Create | Villager (Male) |
| 13:21 | Create | Scout Cavalry |
| 13:24 | Create | Villager (Male) |
| 13:52 | Build | Blacksmith |
| 13:53 | Create | Villager (Male) |
| 14:16 | Build | Mining Camp |
| 14:23 | Create | Villager (Male) |
| 14:43 | Build | Palisade Wall |
| 15:04 | Build | Farm |
| 15:06 | Build | Farm |
| 15:09 | Create | Villager (Male) |
| 15:36 | Build | Lumber Camp |
| 15:47 | Create | Villager (Male) |
| 15:59 | Build | Palisade Wall |
| 16:17 | Research | Castle Age |
| 16:24 | Build | Palisade Wall |
| 16:38 | Build | Archery Range |
| 16:42 | Build | House |
| 16:45 | Build | House |
| 16:53 | Research | Fletching |
| 17:01 | Create | Spearman |
| 17:13 | Build | Archery Range |
| 17:30 | Create | Spearman |
| 17:30 | Create | Spearman |
| 17:32 | Create | Spearman |
| 17:32 | Create | Spearman |
| 17:45 | Research | Bloodlines |
| 17:45 | Research | Bloodlines |
| 17:52 | Build | Farm |
| 18:26 | Build | Lumber Camp |
| 18:27 | Create | Villager (Male) |
| 18:56 | Build | Palisade Gate |
| 18:57 | Age | Castle Age |
| 18:59 | Create | Villager (Male) |
| 19:02 | Create | Cavalry Archer |
| 19:02 | Create | Cavalry Archer |
| 19:05 | Research | Bodkin Arrow |
| 19:05 | Research | Bodkin Arrow |
| 19:06 | Research | Bodkin Arrow |
| 19:23 | Create | Villager (Male) |
| 19:26 | Create | Cavalry Archer |
| 19:26 | Create | Cavalry Archer |
| 19:31 | Create | Knight |
| 19:41 | Create | Knight |
| 19:56 | Create | Cavalry Archer |
| 20:00 | Create | Villager (Male) |
| 20:11 | Create | Cavalry Archer |
| 20:14 | Create | Villager (Male) |
| 20:18 | Create | Villager (Male) |
| 20:24 | Build | House |
| 20:25 | Build | House |
| 20:30 | Build | Monastery |
| 20:31 | Create | Villager (Male) |
| 20:45 | Research | Wheelbarrow |
| 20:48 | Research | Bow Saw |
| 20:49 | Create | Villager (Male) |
| 20:50 | Create | Cavalry Archer |
| 20:50 | Create | Cavalry Archer |
| 20:51 | Create | Cavalry Archer |
| 21:06 | Create | Knight |
| 21:09 | Build | Farm |
| 21:10 | Build | Farm |
| 21:11 | Create | Villager (Male) |
| 21:47 | Create | Villager (Male) |
| 21:54 | Research | Forging |
| 22:00 | Create | Villager (Male) |
| 22:12 | Build | University |
| 22:12 | Create | Villager (Male) |
| 22:17 | Create | Cavalry Archer |
| 22:17 | Create | Cavalry Archer |
| 22:18 | Create | Cavalry Archer |
| 22:22 | Research | Gold Mining |
| 22:23 | Research | Gold Mining |
| 22:25 | Create | Villager (Male) |
| 22:41 | Create | Villager (Male) |
Build order — [DGLOS] DyouDi
First 150 of 188 actions detected
| 0:00 | Create | Villager (Male) |
| 0:00 | Create | Villager (Male) |
| 0:01 | Create | Villager (Male) |
| 0:02 | Build | House |
| 0:02 | Build | House |
| 0:06 | Create | Villager (Male) |
| 0:07 | Create | Villager (Male) |
| 0:07 | Create | Villager (Male) |
| 1:25 | Create | Villager (Male) |
| 1:25 | Create | Villager (Male) |
| 1:58 | Create | Villager (Male) |
| 1:58 | Create | Villager (Male) |
| 2:13 | Create | Villager (Male) |
| 2:20 | Build | Lumber Camp |
| 3:12 | Create | Villager (Male) |
| 3:12 | Create | Villager (Male) |
| 3:15 | Create | Villager (Male) |
| 3:15 | Create | Villager (Male) |
| 3:24 | Build | House |
| 3:25 | Build | House |
| 4:06 | Create | Villager (Male) |
| 4:16 | Create | Villager (Male) |
| 4:16 | Create | Villager (Male) |
| 4:27 | Create | Villager (Male) |
| 5:18 | Build | Barracks |
| 5:54 | Create | Villager (Male) |
| 6:00 | Build | House |
| 6:10 | Create | Villager (Male) |
| 6:14 | Create | Militia |
| 6:14 | Create | Militia |
| 6:14 | Create | Militia |
| 6:47 | Create | Villager (Male) |
| 7:07 | Build | Mill |
| 7:18 | Create | Villager (Male) |
| 7:34 | Create | Villager (Male) |
| 8:06 | Build | Mill |
| 8:15 | Create | Villager (Male) |
| 8:16 | Research | Loom |
| 8:38 | Research | Feudal Age |
| 8:39 | Research | Feudal Age |
| 8:52 | Build | House |
| 8:55 | Build | Palisade Wall |
| 9:02 | Build | House |
| 9:04 | Build | Palisade Wall |
| 9:09 | Build | Palisade Wall |
| 9:10 | Build | Palisade Wall |
| 9:33 | Build | House |
| 9:34 | Build | Palisade Wall |
| 9:38 | Build | Palisade Wall |
| 9:45 | Build | Palisade Wall |
| 9:52 | Create | Villager (Male) |
| 10:00 | Build | Palisade Gate |
| 10:15 | Build | Palisade Wall |
| 10:22 | Create | Villager (Male) |
| 10:56 | Build | Palisade Wall |
| 11:09 | Create | Villager (Male) |
| 11:18 | Build | Palisade Wall |
| 11:20 | Age | Feudal Age |
| 11:24 | Build | Stable |
| 11:24 | Research | Double-Bit Axe |
| 11:25 | Research | Double-Bit Axe |
| 11:25 | Research | Horse Collar |
| 11:25 | Research | Horse Collar |
| 11:26 | Research | Horse Collar |
| 11:38 | Build | Farm |
| 11:41 | Build | Farm |
| 11:57 | Build | Farm |
| 12:02 | Build | Farm |
| 12:17 | Create | Villager (Male) |
| 12:18 | Create | Scout Cavalry |
| 12:18 | Create | Scout Cavalry |
| 12:21 | Build | Farm |
| 12:29 | Build | Farm |
| 12:29 | Create | Villager (Male) |
| 12:38 | Build | Farm |
| 12:46 | Create | Spearman |
| 12:54 | Create | Scout Cavalry |
| 12:57 | Create | Villager (Male) |
| 13:02 | Build | House |
| 13:03 | Build | Palisade Wall |
| 13:05 | Build | Palisade Wall |
| 13:11 | Build | Farm |
| 13:14 | Build | Farm |
| 13:21 | Create | Scout Cavalry |
| 13:29 | Build | Farm |
| 13:34 | Build | Farm |
| 13:46 | Create | Villager (Male) |
| 13:53 | Create | Scout Cavalry |
| 14:02 | Create | Villager (Male) |
| 14:13 | Build | Blacksmith |
| 14:23 | Build | House |
| 14:25 | Create | Villager (Male) |
| 14:35 | Create | Scout Cavalry |
| 14:49 | Build | Mining Camp |
| 14:51 | Research | Scale Barding Armor |
| 14:57 | Build | Palisade Wall |
| 15:00 | Create | Villager (Male) |
| 15:09 | Build | Farm |
| 15:10 | Create | Villager (Male) |
| 15:23 | Create | Villager (Male) |
| 15:27 | Build | Farm |
| 15:29 | Build | Farm |
| 15:31 | Create | Scout Cavalry |
| 15:51 | Create | Villager (Male) |
| 15:55 | Build | House |
| 16:03 | Create | Scout Cavalry |
| 16:03 | Create | Villager (Male) |
| 16:11 | Build | Lumber Camp |
| 16:29 | Research | Wheelbarrow |
| 16:29 | Research | Wheelbarrow |
| 16:43 | Build | House |
| 16:55 | Build | House |
| 17:03 | Build | Lumber Camp |
| 17:17 | Create | Villager (Male) |
| 17:27 | Research | Forging |
| 17:39 | Build | Market |
| 17:55 | Build | House |
| 17:56 | Build | House |
| 18:00 | Build | Palisade Wall |
| 18:01 | Build | Palisade Wall |
| 18:05 | Build | Palisade Wall |
| 18:07 | Build | Palisade Wall |
| 18:10 | Create | Villager (Male) |
| 18:11 | Create | Villager (Male) |
| 18:22 | Build | House |
| 18:24 | Build | Palisade Wall |
| 18:41 | Build | Mining Camp |
| 18:47 | Create | Villager (Male) |
| 19:21 | Build | Palisade Wall |
| 19:24 | Build | Palisade Wall |
| 19:34 | Research | Castle Age |
| 19:34 | Research | Castle Age |
| 19:37 | Build | Farm |
| 19:37 | Build | Farm |
| 19:38 | Build | Farm |
| 19:38 | Build | Farm |
| 19:38 | Build | Farm |
| 19:59 | Build | House |
| 20:02 | Build | House |
| 20:12 | Research | Bloodlines |
| 20:13 | Research | Bloodlines |
| 20:17 | Build | Palisade Wall |
| 20:18 | Build | Palisade Wall |
| 20:26 | Build | Stable |
| 20:58 | Create | Villager (Male) |
| 21:10 | Build | Stable |
| 21:36 | Build | House |
| 21:40 | Build | Mining Camp |
| 21:40 | Create | Villager (Male) |
| 21:40 | Create | Villager (Male) |
Match timeline
| 5:18 | [DGLOS] DyouDi · first_building Barracks |
| 6:31 | Don Vito · first_building Barracks |
| 8:23 | Don Vito · wall_segment Palisade Wall x11 |
| 8:51 | Don Vito · age_up feudal |
| 8:55 | [DGLOS] DyouDi · wall_segment Palisade Wall x12 |
| 9:04 | [DGLOS] DyouDi · wall_segment Palisade Wall x5 |
| 9:07 | Don Vito · first_building Stable |
| 9:09 | [DGLOS] DyouDi · wall_segment Palisade Wall x1 |
| 9:10 | [DGLOS] DyouDi · wall_segment Palisade Wall x3 |
| 9:19 | Don Vito · wall_segment Palisade Wall x1 |
| 9:21 | Don Vito · wall_segment Palisade Wall x1 |
| 9:22 | Don Vito · wall_segment Palisade Wall x1 |
| 9:24 | Don Vito · wall_segment Palisade Wall x1 |
| 9:34 | [DGLOS] DyouDi · wall_segment Palisade Wall x2 |
| 9:38 | [DGLOS] DyouDi · wall_segment Palisade Wall x8 |
| 9:45 | [DGLOS] DyouDi · wall_segment Palisade Wall x15 |
| 10:15 | [DGLOS] DyouDi · wall_segment Palisade Wall x1 |
| 10:56 | [DGLOS] DyouDi · wall_segment Palisade Wall x1 |
| 11:18 | [DGLOS] DyouDi · wall_segment Palisade Wall x5 |
| 11:20 | [DGLOS] DyouDi · age_up feudal |
| 11:24 | [DGLOS] DyouDi · first_building Stable |
| 12:00 | Don Vito · wall_segment Palisade Wall x14 |
| 12:16 | Don Vito · wall_segment Palisade Wall x6 |
| 12:28 | Don Vito · wall_segment Palisade Wall x1 |
| 13:03 | [DGLOS] DyouDi · wall_segment Palisade Wall x1 |
| 13:05 | [DGLOS] DyouDi · wall_segment Palisade Wall x1 |
| 13:12 | Don Vito · wall_segment Palisade Wall x6 |
| 14:43 | Don Vito · wall_segment Palisade Wall x15 |
| 14:57 | [DGLOS] DyouDi · wall_segment Palisade Wall x3 |
| 15:59 | Don Vito · wall_segment Palisade Wall x1 |
| 16:24 | Don Vito · wall_segment Palisade Wall x1 |
| 16:38 | Don Vito · first_building Archery Range |
| 18:00 | [DGLOS] DyouDi · wall_segment Palisade Wall x1 |
| 18:01 | [DGLOS] DyouDi · wall_segment Palisade Wall x1 |
| 18:05 | [DGLOS] DyouDi · wall_segment Palisade Wall x1 |
| 18:07 | [DGLOS] DyouDi · wall_segment Palisade Wall x2 |
| 18:24 | [DGLOS] DyouDi · wall_segment Palisade Wall x11 |
| 18:31 | [DGLOS] DyouDi · first_market_buy 100 food |
| 18:31 | [DGLOS] DyouDi · first_market_sell 100 stone |
| 18:57 | Don Vito · age_up castle |
| 19:21 | [DGLOS] DyouDi · wall_segment Palisade Wall x1 |
| 19:24 | [DGLOS] DyouDi · wall_segment Palisade Wall x5 |
| 20:17 | [DGLOS] DyouDi · wall_segment Palisade Wall x3 |
| 20:18 | [DGLOS] DyouDi · wall_segment Palisade Wall x8 |
| 20:30 | Don Vito · first_building Monastery |
| 21:56 | [DGLOS] DyouDi · wall_segment Palisade Wall x1 |
| 22:13 | [DGLOS] DyouDi · age_up castle |
| 22:18 | [DGLOS] DyouDi · wall_segment Palisade Wall x1 |
| 23:13 | [DGLOS] DyouDi · wall_segment Palisade Wall x1 |
| 24:33 | [DGLOS] DyouDi · wall_segment Palisade Wall x3 |
| 24:50 | [DGLOS] DyouDi · resign |
[ AI ANALYSIS · 1 CREDIT ]
What really happened in this match?
Wolo.gg analyzes every decision: build order, eco, micro, common mistakes by bracket. Personalized analysis on WhatsApp or Discord in 30 seconds.
Civ guide
Portuguese
Perfil
Jugador #18713675